 Dungeon Crawl Stone Soup version 0.27-a0-1565-gad902ab807 (webtiles) character file.

Game seed: 9813074395839618771

38 flotson the Sneak (level 3, -9/29 HPs)
             Began as a Demonspawn Delver on July 17, 2021.
             Mangled by an ogre (22 damage)
             ... on level 4 of the Dungeon.
             The game lasted 00:02:08 (396 turns).

flotson the Sneak (Demonspawn Delver)                Turns: 396, Time: 00:02:09

Health: -9/29      AC:  3    Str: 13    XL:     3   Next: 25%
Magic:  3/3        EV: 12    Int: 11    God:
Gold:   0          SH:  0    Dex: 22    Spells: 2/2 levels left

rFire    + + .     SeeInvis .   e - +6 hand axe of the Unseen Realm {drain, Fly rF++ rC- Dex+8}
rCold    x . .     Faith    .   (no shield)
rNeg     . . .     Spirit   .   b - +0 leather armour
rPois    .         Reflect  .   (no helmet)
rElec    .         Harm     .   (no cloak)
rCorr    .         Rampage  .   (no gloves)
Will     .....                  (no boots)
Stlth    +++.......             (no amulet)
HPRegen  0.09/turn              (no ring)
MPRegen  0.08/turn              (no ring)

@: flying
A: claws 2
a: no special abilities


You were on level 4 of the Dungeon.
You visited 1 branch of the dungeon, and saw 2 of its levels.

Inventory:

Hand Weapons
 a - a +0 hand axe
 e - the +6 hand axe of the Unseen Realm (weapon) {drain, Fly rF++ rC- Dex+8}
   (You found it on level 4 of the Dungeon)

   A truly terrible weapon, it drains the life of any living foe it strikes.
   Dex:       It affects your dexterity (+8).
   rF:        It greatly protects you from fire.
   rC:        It makes you vulnerable to cold.
   Fly:       It grants you flight.
Armour
 b - a +0 leather armour (worn)


   Skills:
 + Level 3.3 Fighting
 + Level 2.2 Axes
 + Level 1.0 Armour
 + Level 2.1 Dodging
 - Level 4.5 Stealth
 + Level 1.1 Evocations


You had 2 spell levels left.
You didn't know any spells.
Your spell library contained the following spells:

 Spells                   Type           Power      Damage    Failure   Level
 Summon Small Mammal      Summ           0%         N/A       41%         1
 Call Canine Familiar     Summ           0%         N/A       80%         3
 Summon Guardian Golem    Hex/Summ       0%         N/A       80%         3


Dungeon Overview and Level Annotations

Branches:
Dungeon (5/15)             Temple (0/1) D:5

Altars:


Innate Abilities, Weirdness & Mutations

You have very sharp fingernails.


Message History

Your fingernails sharpen.
You closely miss the kobold.
The kobold is severely wounded.
The kobold hits you but does no damage. The kobold closely misses you.
You slash the kobold!
You kill the kobold!
You hit the ball python. You drain the ball python.
You kill the ball python!
Unknown command.
Unknown command.
As you read the scroll of fog, it crumbles to dust.
The scroll dissolves into smoke.
You hit the kobold.
You kill the kobold!
You slash the orc!
You kill the orc!
Your Armour skill increases to level 1!
A black bear comes into view.
The black bear closely misses you.
The black bear claws you but does no damage. x2
An iguana comes into view.
An endoplasm comes into view.
The iguana closely misses you.
A black bear comes into view.
The sentinel's mark upon you fades away.
The black bear bites you. The black bear misses you.
The black bear claws you but does no damage.
An orc comes into view. It is wielding a +0 flail.
The black bear closely misses you. The black bear claws you.
The black bear barely misses you.
You aren't carrying any scrolls.
Unknown command.
Aiming: Dig
Press: ? - help, Shift-Dir - straight line A rock wall.
The rock shatters into small pieces.
The now-empty wand crumbles to dust.
A hound skeleton comes into view.
The ogre hits you with a +0 giant club!!
Ouch! That really hurt!
You die...

........#####...o#.....#
........# #....#######
....... #.§h.# # #....#
.# #§l..# ..# #.§.§#
.>.+ #§J§l# ....#
#§§Oh#Z....#
#§§§@.......
############


You could see a black bear, an ogre, an iguana, an endoplasm and a hound
skeleton.

Vanquished Creatures
  A hound (D:4)
  2 orcs (D:4)
  An endoplasm (D:4)
  A ball python (D:4)
  3 kobolds (D:4)
8 creatures vanquished.

Notes
Turn   | Place    | Note
-------+----------+-------------------------------------------
     0 | D:5      | flotson the Demonspawn Delver began the quest for the Orb.
     0 | D:5      | Reached XP level 1. HP: 18/18 MP: 1/1
    13 | D:5      | Noticed a kobold brigand
   176 | D:4      | Noticed an ogre
   336 | D:4      | Noticed an iguana
   354 | D:4      | Noticed a hound
   361 | D:4      | Identified the +6 hand axe of the Unseen Realm {drain, Fly
                  | rF++ rC- Dex+8}
   381 | D:4      | Killed a hound
   382 | D:4      | Reached skill level 1 in Evocations
   382 | D:4      | Gained mutation: You have sharp fingernails. [demonic
                  | ancestry]
   382 | D:4      | Reached XP level 2. HP: 16/24 MP: 2/2
   382 | D:4      | Gained mutation: You have very sharp fingernails. [demonic
                  | ancestry]
   382 | D:4      | Reached XP level 3. HP: 19/29 MP: 3/3
   390 | D:4      | Reached skill level 1 in Armour
   390 | D:4      | Noticed a black bear
   392 | D:4      | Noticed a black bear
   396 | D:4      | Mangled by an ogre

Illustrated notes

Levels and vault maps discovered:
D:4:      layout_gridville, grunt_tough_drop
D:5:      layout_basic, nicolae_dithmenos_shadow_blocks,
          minmay_temple_entry_arrows

Skill      XL: |  1  2  3 |
---------------+----------+-----
Axes           | 2 |  2.2
Dodging        | 2 |  2.1
Evocations     | 1 |  1.1
Armour         | 1 |  1.0
Fighting       | |  3.3
Stealth        | |  4.5

Action                   || total
-------------------------++-------
Melee: Hand axe          ||    14
Evoke: Wand              ||     3
  Use: Scroll            ||     4
       Potion            ||     1
 Stab: Sleeping          ||     2
       Distracted        ||     1
Armor: Leather armour    ||    10
Dodge: Dodged            ||    14

Table legend: (Time is in decaauts)
 A = Elapsed time spent in this place.
 B = Non-inter-level travel time spent in this place.
 C = Inter-level travel time spent in this place.
 D = Time resting spent in this place.
 E = Time spent auto-exploring this place.
 F = Levels seen in this place.
 G = Mean time per level.
                   A        B        C        D        E       F      G
               +--------+--------+--------+--------+--------+-----+--------+
         Total |    382 |    382 |      0 |     80 |    148 |   2 |  191.0 |
       Dungeon |    382 |    382 |      0 |     80 |    148 |   2 |  191.0 |
               +--------+--------+--------+--------+--------+-----+--------+

Top non-repeatable levels by time:
     D:4: 264 daAuts
     D:5: 118 daAuts
